 Dungeon Crawl Stone Soup version bcrawl-1.27.3 (webtiles) character file.

Game seed: 3350773501323240240

97969 MisterOstroum the Ruffian (level 2, 0/29 HPs)
             Began as a Troll Martial Artist on Sept 24, 2020.
             Was a Follower of Wu Jian.
             Slain by Edmund
             ... wielding a +2 flail of crushing
              (1 damage)
             ... on level 4 of the Dungeon.
             The game lasted 00:02:08 (370 turns).

MisterOstroum the Ruffian (Troll Martial Artist)     Turns: 370, Time: 00:02:09

Health: 0/29       AC:  4    Str: 19    XL:     2   Next: 13%
Magic:  2/2        EV: 10    Int:  6    God:    Wu Jian [*.....]
Gold:   62         SH:  0    Dex: 12    Spells: 2/3 levels left

rFire    . . .     SeeInvis .     - Claws (17.2)
rCold    . . .     Gourm    +   (no shield)
rNeg     . . .     Faith    .   (armour unavailable)
rPois    .         Spirit   .   (helmet restricted)
rElec    .         Reflect  .   (no cloak)
rCorr    .         Harm     .   (gloves unavailable)
MR       .....                  (boots unavailable)
Stlth    +.........             (no amulet)
HPRegen  0.09/turn              (no ring)
MPRegen  0.08/turn              (no ring)

@: no status effects
A: large, almost no armour, claws 3, fast metabolism 3, gourmand, AC +4
a: Wall Jump, Renounce Religion


You were on level 4 of the Dungeon.
You worshipped Wu Jian.
Wu Jian was aware of your devotion.
You were very full.

You visited 1 branch of the dungeon, and saw 4 of its levels.

You collected 62 gold pieces.

Inventory:

Hand Weapons
 d - a +0 hunting sling
 g - a +0 whip
 i - a +0 flail
Missiles
 f - 673 stones (quivered)
Scrolls
 b - a scroll of immolation {unknown}
 c - a scroll of fear {unknown}
 h - a scroll of magic mapping {unknown}
Potions
 a - a potion of agility {@q5 !q}
Comestibles
 e - a ration {!d}
 j - a chunk of flesh


   Skills:
 * Level 2.6 Fighting
 - Level 2.5 Dodging
 - Level 0.4 Stealth
 * Level 4.2 Unarmed Combat
 - Level 1.0 Spellcasting
 - Level 1.0 Hexes


You had 2 spell levels left.
You knew the following spells:

 Your Spells              Type           Power        Failure   Level  Hunger
a - Confusing Touch       Hex            #.......     30%         1    None
Your spell library was empty.

Dungeon Overview and Level Annotations

Branches:
Dungeon (4/12)
 Temple: D:4-7

Altars:

Annotations:
D:4 Edmund


Innate Abilities, Weirdness & Mutations

You cannot wear most types of armour.
Your thick skin is tough. (AC +4)
You are too large for most types of armour.
You have claws for hands.
Your metabolism is lightning-fast.
You like to eat raw meat.


Message History

You claw the quokka!
You kill the quokka!
The Council accepts your kill.
You have reached level 2!
You see here a quokka corpse.
You butcher the quokka corpse.
j - a chunk of flesh You see here a quokka skeleton.
Found a stone staircase leading down.
There is a stone staircase leading down here.
HP restored.
You climb downwards.
There is a stone staircase leading up here.
A frilled lizard comes into view.
The frilled lizard hisses angrily.
You lunge at the frilled lizard.
You barely miss the frilled lizard.
The frilled lizard bites you but does no damage.
Unknown command.
Unknown command.
You spin and attack the frilled lizard.
You barely miss the frilled lizard.
The frilled lizard completely misses you.
You scratch the frilled lizard.
You kill the frilled lizard!
The Council accepts your kill.
Found 150 stones.
Found a stone staircase leading down.
Found a stone staircase leading down.
A quokka comes into view.
You see here 150 stones.
There is a stone staircase leading down here.
You lunge at the quokka.
You closely miss the quokka. The quokka barely misses you.
You closely miss the quokka. The quokka barely misses you.
You scratch the quokka.
The quokka is almost dead.
The quokka bites you.
You scratch the quokka.
You kill the quokka!
The Council accepts your kill.
Edmund the Younger comes into view.
He is wielding a +2 flail of crushing and wearing a +0 leather armour of magic resistance.
You have encountered a dangerous foe!
Edmund shouts!
Edmund moves out of view.
You see here a quokka corpse.
Quiver which item? (- for none, * to show all) (? for menu, Esc to quit)
Okay, then.
Throwing (i - inventory)
f - 674 stones (quivered)
Press: ? - help, Shift-Dir - straight line, f - Edmund
Aim: Edmund, wielding a +2 flail of crushing and wearing a +0 leather armour of magic resistance You throw a stone.
The stone hits Edmund but does no damage.
You scratch Edmund.
Edmund is lightly wounded.
Edmund hits you with a +2 flail of crushing.
Ssssck.
You closely miss Edmund.
Edmund is lightly wounded.
Edmund hits you with a +2 flail of crushing.
Ssssck.
Casting: Confusing Touch (safe; 30% risk of failure)
Confirm with . or Enter, or press ? or * to list all spells.
Your claws begin to glow red.
You completely miss Edmund.
Edmund is lightly wounded.
Edmund hits you with a +2 flail of crushing.
Snnnck.
Okay, then.
Unknown command.
You claw Edmund!
Edmund is moderately wounded.
Edmund hits you with a +2 flail of crushing.
Snnnck.
Unknown command.
You closely miss Edmund.
Edmund is moderately wounded.
Unknown command.
You claw Edmund!
Edmund is heavily wounded.
Edmund hits you with a +2 flail of crushing.
* * * LOW HITPOINT WARNING * * *
You scratch Edmund but do no damage.
Edmund is heavily wounded.
Edmund closely misses you.
You scratch Edmund.
Edmund is heavily wounded.
Edmund hits you with a +2 flail of crushing.
* * * LOW HITPOINT WARNING * * *
Ssssck.
* * * LOW HITPOINT WARNING * * *
You barely miss Edmund.
Edmund is heavily wounded.
Unknown command.
Unknown command.
Unknown command.
Edmund says, "A flail is better than a scythe, any day of the week!"
Your claws stop glowing.
You see here a quokka corpse.
Edmund hits you with a +2 flail of crushing.
* * * LOW HITPOINT WARNING * * *
Ssssck.
You die...

..##.. .# .##...?### #.##
..#...!#.# #...
........####...
##......##...# .....#.###.##
#..#..†..># ##(...##..(# #.#
...## #....###@..#
####.##....#
#.#...###@..##>#.........#
#......#..................
...[..............##........
##.............#####.......
####....#.....#####..#.#.#
##########.........##.##
#..............
#.....####.....


You could see Edmund.

Vanquished Creatures
  A goblin (D:1)
  A hobgoblin (D:3)
  A kobold (D:2)
  4 quokkas
  2 frilled lizards
9 creatures vanquished.

Notes
Turn   | Place    | Note
-------+----------+-------------------------------------------
     0 | D:1      | MisterOstroum the Troll Martial Artist began the quest for
                  | the Orb.
     0 | D:1      | Reached XP level 1. HP: 22/22 MP: 1/1
   287 | D:3      | Reached XP level 2. HP: 26/29 MP: 2/2
   337 | D:4      | Noticed Edmund
   370 | D:4      | HP: 1/29 [Edmund/+2 flail of crushing (2)]
   370 | D:4      | Slain by Edmund

Action                   || total
-------------------------++-------
Melee: Unarmed           ||    30
Throw: Stone             ||     1
 Cast: Confusing Touch   ||     1
Invok: Lunge             ||     5
       Whirlwind         ||     3
  Eat: Chunk             ||     3
       Ration            ||     1
Armor: Skin              ||     4
Dodge: Dodged            ||     8
